 Dungeon Sprint DCSS version 0.20-a0-809-gaf7f668 (webtiles) character file.

7100000 esc the Conqueror (level 27, -4/249 HPs)
             Began as a Demonspawn Warper on Mar 3, 2017.
             Was the Champion of Makhleb.
             Killed from afar by a large bag of meat (11 damage)
             ... with an exploding inner flame
             ... in the Dungeon (Sprint VIII: "Arena of Blood").
             The game lasted 00:02:21 (71 turns).

esc the Conqueror (Demonspawn Warper)                 Turns: 71, Time: 00:02:22

Health: -4/249     AC: 18    Str: 22    XL:     27
Magic:  32/54      EV: 31    Int: 16    God:    Makhleb [******]
Gold:   0          SH:  0    Dex: 14    Spells: 80/80 levels left

rFire    + . .     SeeInvis .   l - +∞ Axe of Woe
rCold    . . .     Gourm    .   b - +0 leather armour
rNeg     . . .     Faith    .   (shield currently unavailable)
rPois    .         Spirit   .   (no helmet)
rElec    .         Reflect  .   (no cloak)
rCorr    .         Harm     .   (gloves unavailable)
MR       ++...     NoTele   +   (no boots)
Stlth    ++++++++++             (no amulet)
Regen    0.6/turn               (no ring)
MPRegen  0.4/turn               (no ring)

@: sanguine armour
A: claws 3, fire resistance 1, hurl damnation, nightstalker 3, spiny 3, flame
cloud immunity, sanguine armour 3
a: Hurl Damnation, Minor Destruction, Lesser Servant of Makhleb, Major
Destruction, Greater Servant of Makhleb, Renounce Religion


You were in the Dungeon.
You worshipped Makhleb.
Makhleb was exalted by your worship.
You were not hungry.

You visited 1 branch

Inventory:

Hand Weapons
 a - a +0 hand axe
 l - the +∞ Axe of Woe (weapon)
   (You found it in the Dungeon)
Missiles
 e - 5 tomahawks of dispersal {=f}
Armour
 b - a +0 leather armour (worn)
Scrolls
 d - 2 scrolls of blinking {!r}
Potions
 g - a potion of curing
 h - a potion of heal wounds
 i - a potion of haste
 j - 2 potions of magic
 k - a potion of berserk rage {!q}
Books
 c - a book of Spatial Translocations
Comestibles
 f - a bread ration {@e1}


   Skills:
 O Level 27 Fighting
 O Level 27 Axes
 O Level 27 Throwing
 O Level 27 Armour
 O Level 27 Dodging
 O Level 27 Stealth
 O Level 27 Unarmed Combat
 O Level 27 Spellcasting
   Level 2.6 Translocations
 O Level 27 Invocations


You had 80 spell levels left.
You didn't know any spells.

Dungeon Overview and Level Annotations

Branches:
Dungeon (1/1)

Altars:
Makhleb


Innate Abilities, Weirdness & Mutations

You have claws for hands.
Your flesh is heat resistant. (rF+)
You can hurl damnation.
You are completely attuned to the shadows.
You are completely covered in sharp spines.
You are immune to clouds of flame.
When seriously injured, your bleeding wounds create very thick armour. (AC +12)


Message History

The small abomination completely misses you.
The corpses begin to drag themselves along the ground!
The destroyer blinks!
You hear a shout! x3
The destroyer blinks!
You hear a shout!
A crawling corpse comes into view.
Things that are here:
a +9 great sword; a +250 ring of slaying You slash the small abomination!
You fatally mangle the small abomination.
You destroy the small abomination!
Makhleb accepts your kill.
You slice the destroyer!!
You butcher the destroyer messily.
You destroy the destroyer!
Makhleb accepts your kill.
You hear a shout! x5
A destroyer comes into view.
It is wielding a +9 great sword of slicing.
The meat beast moans, "Thy will shall be my luncheon!"
You hear a shout! x8
The meat beast bites you!!
The destroyer shouts!
The meat beast tramples you.
You hold your ground!
The destroyer blinks!
You hear a shout! x3
The small abomination closely misses you.
The destroyer blinks!
Items here: ))))) ===== You take 28 damage, and have 206/234 hp.
You slash the destroyer!
You dissect the destroyer like a pig carcass.
You destroy the destroyer!
Makhleb accepts your kill.
You feel better.
You slice the meat beast!!
You butcher the meat beast messily.
You kill the meat beast!
Makhleb accepts your kill.
You have reached level 26!
Your demonic ancestry asserts itself...
You smell a hint of brimstone.
You hit the destroyer but do no damage.
You fatally mangle the destroyer.
You destroy the destroyer!
Makhleb accepts your kill.
You have reached level 27, the final one!
Your experience leads to an increase in your attributes!
Increase (S)trength, (I)ntelligence, or (D)exterity?
You feel stronger.
You slash the small abomination!
You chop the small abomination into pieces.
You destroy the small abomination!
Makhleb accepts your kill.
You hear a shout! x5
A destroyer comes into view.
It is wielding a +9 great sword of slicing.
Health restored: 249 Unknown command.
The destroyer shouts!
You slice the bag of meat!!
You butcher the bag of meat messily.
You kill the bag of meat!
Makhleb accepts your kill.
You hear a shout!
The meat beast appears out of thin air!
A meat beast comes into view.
You hear a shout! x4
You hear a shout! x2
The destroyer blinks!
You hear a shout! x4
The bag of meat is struck by your spines.
The bag of meat hits you with a +9 war axe!!!
You take 43 damage, and have 206/249 hp.
You slice the bag of meat!!
You dissect the bag of meat like a pig carcass.
You kill the bag of meat!
Makhleb accepts your kill.
You feel better.
You hit the bag of meat. You chop the bag of meat into pieces.
You kill the bag of meat!
Makhleb accepts your kill.
You slice the destroyer!!
You cleave the destroyer in twain.
You destroy the destroyer!
Makhleb accepts your kill.
The meat beast hisses, "Thy skull shall be my breakfast!"
You hear a shout! x8
The destroyer blinks!
You hear a shout!
The meat beast bites you!! The meat beast tramples you!
You stumble backwards!
The large bag of meat is struck by your spines.
The large bag of meat hits you with a +9 giant spiked club!!!!
Your blood congeals into armour.
The large bag of meat hits you with a +9 giant spiked club!!!!
* * * LOW HITPOINT WARNING * * *
You hear a shout!
A bag of meat comes into view. It is wielding a +9 war axe.
The bag of meat shouts!
An ogre, a greater mummy and a wraith come into view.
You take 199 damage, and have 7/249 hp.
MASSIVE DAMAGE!!
You dice the large bag of meat like an onion!!!
You pulverise the large bag of meat into a thin bloody mist.
The large bag of meat explodes!
The fiery explosion engulfs the sculptor of flesh.
The fiery explosion engulfs you! You resist.
You die...

......§V
........V
#.......#
#....))§# .
.###...x§z§###..
......###.§)...
......_§)@...M
#..V.2#W..o
#_.<)_#....
#...))#..O.
....§._.......
......###......
.###.. ...###..
#.. ...# . #.
...#


You could see an accursed, a meat beast, a destroyer, a sculptor of flesh, a
dread, a meat berserker (berserk), a bag of meat and a crawling corpse.

Vanquished Creatures
  A hell beast (D)
  2 greater mummies (D)
  7 vampire knights (D)
  10 ogres (D)
  31 orcs (D)
  2 skeletal warriors (D)
  3 large abominations (D)
  2 small abominations (D)
  3 crawling corpses (D)
61 creatures vanquished.

Notes
Turn   | Place    | Note
-------+----------+-------------------------------------------
     0 | D        | esc the Demonspawn Warper began the quest for the Orb.
     0 | D        | Reached XP level 1. HP: 16/16 MP: 3/3
     2 | D        | Noticed a bag of meat
     3 | D        | Became a worshipper of Makhleb the Destroyer
     5 | D        | Noticed a bag of meat
     6 | D        | Noticed a bag of meat
     7 | D        | Noticed a bag of meat
     7 | D        | Noticed a bag of meat
     9 | D        | Noticed a bag of meat
     9 | D        | Killed a bag of meat
     9 | D        | Reached skill level 14 in Fighting
     9 | D        | Reached skill level 13 in Axes
     9 | D        | Reached skill level 13 in Armour
     9 | D        | Reached skill level 13 in Dodging
     9 | D        | Gained mutation: You have sharp fingernails. [demonic ancestry]
     9 | D        | Reached XP level 2. HP: 43/43 MP: 5/5
     9 | D        | Gained mutation: When seriously injured, your bleeding wounds create armour. (AC +12) [demonic ancestry]
     9 | D        | Reached XP level 3. HP: 49/49 MP: 6/6
     9 | D        | Reached XP level 4. HP: 56/56 MP: 7/7
     9 | D        | Gained mutation: You are slightly more attuned to the shadows. [demonic ancestry]
     9 | D        | Reached XP level 5. HP: 62/62 MP: 8/8
     9 | D        | Reached XP level 6. HP: 69/69 MP: 9/9
     9 | D        | Reached XP level 7. HP: 75/75 MP: 10/10
     9 | D        | Reached XP level 8. HP: 82/82 MP: 11/11
     9 | D        | Reached XP level 9. HP: 88/88 MP: 12/12
     9 | D        | Gained mutation: You have very sharp fingernails. [demonic ancestry]
     9 | D        | Reached XP level 10. HP: 95/95 MP: 13/13
     9 | D        | Gained mutation: You are partially covered in sharp spines. [demonic ancestry]
     9 | D        | Reached XP level 11. HP: 101/101 MP: 14/14
    10 | D        | Noticed a meat berserker
    10 | D        | Killed a bag of meat
    10 | D        | Reached * piety under Makhleb
    10 | D        | Reached skill level 16 in Fighting
    10 | D        | Reached skill level 15 in Axes
    10 | D        | Reached skill level 15 in Armour
    10 | D        | Reached skill level 15 in Dodging
    10 | D        | Gained mutation: You are significantly more attuned to the shadows. [demonic ancestry]
    10 | D        | Reached XP level 12. HP: 113/113 MP: 15/15
    11 | D        | Killed a bag of meat
    11 | D        | Reached skill level 18 in Fighting
    11 | D        | Reached skill level 16 in Axes
    11 | D        | Reached skill level 16 in Armour
    11 | D        | Reached skill level 16 in Dodging
    11 | D        | Gained mutation: You are completely attuned to the shadows. [demonic ancestry]
    11 | D        | Reached XP level 13. HP: 122/122 MP: 16/16
    12 | D        | Killed a bag of meat
    12 | D        | Reached skill level 19 in Fighting
    12 | D        | Reached skill level 18 in Axes
    12 | D        | Reached skill level 17 in Armour
    12 | D        | Reached skill level 18 in Dodging
    12 | D        | Gained mutation: When seriously injured, your bleeding wounds create thick armour. (AC +12) [demonic ancestry]
    12 | D        | Reached XP level 14. HP: 133/133 MP: 17/17
    12 | D        | Killed a bag of meat
    12 | D        | Reached ** piety under Makhleb
    12 | D        | Reached skill level 20 in Fighting
    12 | D        | Reached skill level 18 in Armour
    12 | D        | Killed a bag of meat
    12 | D        | Reached skill level 21 in Fighting
    12 | D        | Reached skill level 19 in Axes
    12 | D        | Reached skill level 19 in Armour
    12 | D        | Reached skill level 19 in Dodging
    12 | D        | Reached XP level 15. HP: 144/144 MP: 18/18
    13 | D        | Killed a meat berserker
    13 | D        | Reached skill level 22 in Fighting
    13 | D        | Reached skill level 21 in Axes
    13 | D        | Reached skill level 21 in Armour
    13 | D        | Reached skill level 21 in Dodging
    15 | D        | Noticed a meat berserker
    17 | D        | Noticed a meat berserker
    17 | D        | Killed a meat berserker
    17 | D        | Reached *** piety under Makhleb
    17 | D        | Reached skill level 24 in Fighting
    17 | D        | Reached skill level 22 in Axes
    17 | D        | Reached skill level 22 in Armour
    17 | D        | Reached skill level 22 in Dodging
    17 | D        | Gained mutation: When seriously injured, your bleeding wounds create very thick armour. (AC +12) [demonic ancestry]
    17 | D        | Reached XP level 16. HP: 89/159 MP: 19/19
    18 | D        | HP: 14/159 [meat berserker/+9 battleaxe (76)]
    19 | D        | Reached skill level 23 in Axes
    19 | D        | Reached skill level 23 in Armour
    19 | D        | Reached skill level 23 in Dodging
    19 | D        | Killed a meat berserker
    19 | D        | Reached skill level 26 in Fighting
    19 | D        | Reached skill level 24 in Axes
    19 | D        | Reached skill level 24 in Armour
    19 | D        | Reached skill level 24 in Dodging
    19 | D        | Reached XP level 17. HP: 15/171 MP: 20/20
    20 | D        | Reached **** piety under Makhleb
    23 | D        | Reached skill level 27 in Fighting
    23 | D        | Reached skill level 25 in Axes
    23 | D        | Reached skill level 25 in Armour
    23 | D        | Reached skill level 25 in Dodging
    24 | D        | Reached skill level 26 in Axes
    24 | D        | Reached skill level 26 in Armour
    24 | D        | Reached skill level 26 in Dodging
    24 | D        | Reached XP level 18. HP: 117/182 MP: 21/21
    24 | D        | Reached ***** piety under Makhleb
    24 | D        | Reached skill level 27 in Axes
    24 | D        | Reached skill level 27 in Armour
    24 | D        | Reached skill level 27 in Dodging
    24 | D        | Reached skill level 5 in Throwing
    24 | D        | Reached skill level 6 in Stealth
    24 | D        | Reached skill level 5 in Unarmed Combat
    24 | D        | Reached skill level 6 in Spellcasting
    24 | D        | Reached skill level 8 in Invocations
    25 | D        | Reached skill level 8 in Throwing
    25 | D        | Reached skill level 9 in Stealth
    25 | D        | Reached skill level 8 in Unarmed Combat
    25 | D        | Reached skill level 8 in Spellcasting
    25 | D        | Reached skill level 11 in Invocations
    27 | D        | Noticed a destroyer
    28 | D        | Reached skill level 10 in Throwing
    28 | D        | Reached skill level 11 in Stealth
    28 | D        | Reached skill level 10 in Unarmed Combat
    28 | D        | Reached skill level 10 in Spellcasting
    28 | D        | Reached skill level 14 in Invocations
    28 | D        | Reached XP level 19. HP: 189/189 MP: 21/33
    33 | D        | Killed a destroyer
    33 | D        | Reached skill level 14 in Throwing
    33 | D        | Reached skill level 15 in Stealth
    33 | D        | Reached skill level 14 in Unarmed Combat
    33 | D        | Reached skill level 14 in Spellcasting
    33 | D        | Reached skill level 18 in Invocations
    35 | D        | Noticed a destroyer
    35 | D        | Reached skill level 15 in Throwing
    35 | D        | Reached skill level 16 in Stealth
    35 | D        | Reached skill level 15 in Unarmed Combat
    35 | D        | Reached skill level 15 in Spellcasting
    35 | D        | Reached skill level 20 in Invocations
    38 | D        | Killed a destroyer
    38 | D        | Reached skill level 17 in Throwing
    38 | D        | Reached skill level 18 in Stealth
    38 | D        | Reached skill level 17 in Unarmed Combat
    38 | D        | Reached skill level 17 in Spellcasting
    38 | D        | Reached skill level 23 in Invocations
    38 | D        | Gained mutation: You are mostly covered in sharp spines. [demonic ancestry]
    38 | D        | Reached XP level 20. HP: 197/197 MP: 23/41
    41 | D        | Reached skill level 18 in Throwing
    41 | D        | Reached skill level 19 in Stealth
    41 | D        | Reached skill level 18 in Unarmed Combat
    41 | D        | Reached skill level 18 in Spellcasting
    41 | D        | Reached skill level 24 in Invocations
    42 | D        | Reached ****** piety under Makhleb
    42 | D        | Reached skill level 20 in Stealth
    42 | D        | Reached skill level 19 in Spellcasting
    45 | D        | Noticed an accursed
    47 | D        | Noticed a tyrant
    48 | D        | Noticed a meat berserker
    48 | D        | Noticed a meat berserker
    48 | D        | Noticed a meat berserker
    49 | D        | Noticed an accursed
    50 | D        | Noticed a meat berserker
    50 | D        | Killed a meat berserker
    50 | D        | Reached skill level 20 in Throwing
    50 | D        | Reached skill level 21 in Stealth
    50 | D        | Reached skill level 20 in Unarmed Combat
    50 | D        | Reached skill level 20 in Spellcasting
    50 | D        | Reached skill level 26 in Invocations
    50 | D        | Killed a meat berserker
    50 | D        | Reached skill level 21 in Throwing
    50 | D        | Reached skill level 23 in Stealth
    50 | D        | Reached skill level 21 in Unarmed Combat
    50 | D        | Reached skill level 21 in Spellcasting
    50 | D        | Reached skill level 27 in Invocations
    50 | D        | Gained mutation: You have claws for hands. [demonic ancestry]
    50 | D        | Reached XP level 21. HP: 204/204 MP: 27/46
    51 | D        | Reached skill level 22 in Throwing
    51 | D        | Reached skill level 24 in Stealth
    51 | D        | Reached skill level 22 in Unarmed Combat
    51 | D        | Reached skill level 23 in Spellcasting
    53 | D        | Killed an accursed
    53 | D        | Reached skill level 25 in Throwing
    53 | D        | Reached skill level 27 in Stealth
    53 | D        | Reached skill level 25 in Unarmed Combat
    53 | D        | Reached skill level 25 in Spellcasting
    53 | D        | Gained mutation: Your flesh is heat resistant. (rF+) [demonic ancestry]
    53 | D        | Reached XP level 22. HP: 212/212 MP: 27/51
    53 | D        | Reached skill level 27 in Throwing
    53 | D        | Reached skill level 27 in Unarmed Combat
    53 | D        | Reached skill level 27 in Spellcasting
    53 | D        | Killed an accursed
    53 | D        | Reached XP level 23. HP: 197/219 MP: 27/54
    57 | D        | Noticed a destroyer
    58 | D        | Gained mutation: You are immune to clouds of flame. [demonic ancestry]
    58 | D        | Reached XP level 24. HP: 227/227 MP: 28/54
    60 | D        | Noticed a destroyer
    61 | D        | Noticed a destroyer
    61 | D        | Noticed a destroyer
    63 | D        | Killed a destroyer
    63 | D        | Gained mutation: You are completely covered in sharp spines. [demonic ancestry]
    63 | D        | Reached XP level 25. HP: 217/234 MP: 30/54
    64 | D        | Noticed a large bag of meat
    64 | D        | Noticed a meat beast
    65 | D        | Killed a destroyer
    66 | D        | Noticed a destroyer
    67 | D        | Killed a destroyer
    67 | D        | Killed a meat beast
    67 | D        | Gained mutation: You can hurl damnation. [demonic ancestry]
    67 | D        | Reached XP level 26. HP: 242/242 MP: 31/54
    67 | D        | Killed a destroyer
    67 | D        | Reached XP level 27. HP: 249/249 MP: 31/54
    68 | D        | Noticed a destroyer
    69 | D        | Noticed a meat beast
    70 | D        | Killed a destroyer
    70 | D        | HP: 7/249 [large bag of meat/+9 giant spiked club (95)]
    71 | D        | Noticed a dread
    71 | D        | Noticed an accursed
    71 | D        | Killed a large bag of meat
    71 | D        | Killed from afar by a large bag of meat

Vault maps used:
D:        meatsprint

Skill      XL: |  1  2  3  4  5  6  7  8  9 10 11 12 13 14 15 16 17 18 19 20 21 22 |
---------------+-------------------------------------------------------------------+-----
Fighting       | 14 16 18 19 21 24 26 27 | 27.0
Axes           | 13 15 16 18 19 22 24 26 27 | 27.0
Armour         | 13 15 16 17 19 22 24 26 27 | 27.0
Dodging        | 13 15 16 18 19 22 24 26 27 | 27.0
Throwing       | 10 17 21 25 27 | 27.0
Stealth        | 11 18 23 27 | 27.0
Unarmed Combat | 10 17 21 25 27 | 27.0
Spellcasting   | 10 17 21 25 27 | 27.0
Invocations    | 14 23 27 | 27.0
Translocations | |  2.6

Action                   |  1- 3 |  4- 6 |  7- 9 | 10-12 | 13-15 | 16-18 | 19-21 | 22-24 | 25-27 || total
-------------------------+-------+-------+-------+-------+-------+-------+-------+-------+-------++-------
Melee: Executioner's axe |     1 |       |       |     2 |     3 |     6 |     8 |     9 |     5 ||    34
Dodge: Dodged            |       |       |       |       |     1 |       |       |       |     2 ||     3

Vault maps used:
D:        meatsprint

Table legend:
 A = Turns spent in this place as a percentage of turns spent in the entire game.
 B = Non-inter-level travel turns spent in this place as a percentage of non-inter-level travel turns spent in the entire game.
 C = Inter-level travel turns spent in this place as a percentage of turns spent in this place.
 D = Turns resting spent in this place as a percentage of non-inter-level travel turns spent in this place.
 E = Turns spent auto-exploring this place as a percentage of non-inter-level travel turns spent in this place.
 F = Non-inter-level travel turns spent in this place divided by the number of levels of this place that you've seen.
                   A       B       C       D       E      F
               +-------+-------+-------+-------+-------+----------------------
         Total | 100.0 | 100.0 |   0.0 |   0.0 |   0.0 | 103.0
       Dungeon | 100.0 | 100.0 |   0.0 |   0.0 |   0.0 | 103.0
               +-------+-------+-------+-------+-------+----------------------

Table legend:
 A = Kills in this place as a percentage of kills in entire the game.
 B = Kills by you in this place as a percentage of kills by you in the entire game.
 C = Kills by friends in this place as a percentage of kills by friends in the entire game.
 D = Other kills in this place as a percentage of other kills in the entire game.
 E = Experience gained in this place as a percentage of experience gained in the entire game.
 F = Experience gained in this place divided by the number of levels of this place that you have seen.
                   A       B       C       D       E      F
               +-------+-------+-------+-------+-------+----------------------
         Total | 100.0 | 100.0 |  -nan |  -nan | 100.0 | 1590011.0
       Dungeon | 100.0 | 100.0 |  -nan |  -nan | 100.0 | 1590011.0
               +-------+-------+-------+-------+-------+----------------------
